 Dungeon Crawl Stone Soup version 0.32-a0-871-ge202e49faa (webtiles) character file.

Game seed: 17329721957839076458

13181 Pooter the Gouger (level 11, -2/60 HPs)
             Began as a Felid Berserker on Mar 28, 2024.
             Was a Priest of Trog.
             Slain by Gastronok (36 damage)
             ... on level 10 of the Dungeon on Mar 29, 2024.
             The game lasted 01:41:12 (16155 turns).

Pooter the Gouger (Felid Berserker)                Turns: 16155, Time: 01:41:13

Health: -2/60      AC:  2    Str: 13    XL:     11   Next: 72%
Magic:  21/21      EV: 24    Int: 14    God:    Trog [***...]
Gold:   1716       SH:  5    Dex: 20    Spells: 10/10 levels left
                                        Lives:  0   Deaths: 3

rFire   . .          .
                       - Unarmed
rCold   . . .        (shield unavailable)
rNeg    . . .        (body armour unavailable)
rPois   .            (helmet unavailable)
rElec   .            (cloak unavailable)
rCorr   +            (gloves unavailable)
SInv    +            (boots unavailable)
Will    +....        e - amulet of Grontol {Reflect rCorr Int+3 SH+5}
Stlth   +++++        j - ring of magical power
HPRegen 0.30/turn    (no ring)
MPRegen 0.17/turn

%: reflection
@: beast-form
A: beast (slay +3), very small, claws 1, fangs 3, see invisible, shaggy fur 2,
stealthy paws, no weapons or thrown items, no armour, multi-lived
a: Begin Untransformation, Renounce Religion, Berserk, Trog's Hand


You were on level 10 of the Dungeon.
You worshipped Trog.
Trog was most pleased with you.
You were a hulking beast.
You visited 2 branches of the dungeon, and saw 11 of its levels.
You also visited: Sewer and Ossuary.

You collected 1716 gold pieces.

Inventory:

Jewellery
 e - the amulet of Grontol (around neck) {Reflect rCorr Int+3 SH+5}
   (You found it on level 2 of the Dungeon)

   [amulet of reflection]

   Reflect:   It reflects blocked missile attacks.
   Int+3:     It affects your intelligence (+3).
   rCorr:     It protects you from acid and corrosion.
   SH+5:      It affects your SH (+5).
 g - a ring of fire
   (You found it on level 2 of the Dungeon)
 j - a ring of magical power (left paw)
   (You found it on level 2 of the Dungeon)
Talismans
 d - a beast talisman (active)
   (You found it on level 1 of the Dungeon)
 v - a blade talisman
   (You found it on level 6 of the Dungeon)
Wands
 f - a wand of flame (6)
   (You found it on level 3 of the Dungeon)
 A - a wand of quicksilver (1)
   (You found it on level 7 of the Dungeon)
 D - a wand of digging (11)
   (You found it on level 2 of the Dungeon)
Scrolls
 a - 2 scrolls of butterflies
 b - 2 scrolls of immolation {!r}
 h - 2 scrolls of revelation
 l - a scroll of vulnerability {!r}
 m - a scroll of noise {!r}
 z - 2 scrolls of fear
Potions
 c - 2 potions of magic {unknown}
 k - 2 potions of attraction {!q}
 n - 7 potions of heal wounds {@q2}
 o - 2 potions of brilliance {unknown}
 p - 2 potions of resistance {unknown}
 q - 3 potions of lignification {!q}
 r - a potion of enlightenment {unknown}
 s - 2 potions of might
 u - 4 potions of haste {@q3}
 x - 8 potions of curing {@q1}


   Skills:
 + Level 8.0 Fighting
 + Level 10.4 Dodging
 + Level 10.1 Stealth
 * Level 10.8 Unarmed Combat
 + Level 7.1 Evocations
 * Level 6.0 Shapeshifting


You had 10 spell levels left.
You didn't know any spells.
Your spell library was empty.

Dungeon Overview and Level Annotations

Branches:
Dungeon (10/15) Zot: 24542  Temple (0/1) D:7             Orc (1/2) D:10 Zot: 17174
  Sewer (visited)         Ossuary (visited)
   Lair: D:8-11

Altars:
Gozag
Nemelex Xobeh
Ru
Uskayaw

Shops:
D:6 [   D:9 (:

Annotations:
D:10 Gastronok


Innate Abilities, Weirdness & Mutations

You are a hulking beast.
Your limbs bulge with bestial killing power. (Slay +3)
You have sharp claws.
You have razor-sharp teeth.
You have supernaturally acute eyesight. (SInv)
You are covered in thick fur. (AC +2)
Your paws help you pounce on unaware monsters.
You are incapable of wielding weapons or throwing items.
You cannot wear armour.
You gain extra lives every three experience levels.


Message History

The orc wizard closely misses you.
You climb upwards.
Welcome back to the Dungeon!
There is a staircase to the Orcish Mines here.
You claw the orc wizard!
The orc wizard gestures at you while chanting.
The magic dart hits you!
* * * LOW HITPOINT WARNING * * *
You claw the orc wizard!
You kill the orc wizard!
Trog accepts your kill.
Trog appreciates your killing of a magic user.
You start resting.
You start waiting.
Done waiting.
You now have 1716 gold pieces (gained 40).
Things that are here:
a +0 dagger; a +0 robe
There is a staircase to the Orcish Mines here.
Things that are here:
a +0 falchion; an orc skeleton
There is an open door here.
Found a stone staircase leading down.
There is an open door here.
There is a stone staircase leading down here.
There is an open door here.
There is an open door here.
Found 2 potions of haste.
u - 4 potions of haste {@q3} (gained 2)
You open the door.
Gastronok the Ponderous comes into view.
He is wearing a +2 hat of see invisible.
There is an open door here.
Gastronok misses you.
You scratch Gastronok. You mangle Gastronok!!
Gastronok looks at you and mumbles some strange words.
You resist with significant effort.
You claw Gastronok! You bite Gastronok, but do no damage.
You mangle Gastronok!! You claw Gastronok! Gastronok bites you!
You scratch Gastronok but do no damage. You scratch Gastronok.
You feel a sudden, passing aversion to salt.
You scratch Gastronok. You mangle Gastronok!! You barely miss Gastronok.
Gastronok bites you!
You mangle Gastronok!! You barely miss Gastronok. Gastronok bites you!!!
Ouch! That really hurt!
You die...
Gastronok gurgles, "About time.
I'm starving!"

#...# #.#.#.#.
##.### #...#...
#..# ##...... #.##
##..... ###'######
###..... #........#
#....... #........#
#.#.....
+........##..#.....
#.h......#. #.....
#.w......# #.....
#........'. #.....
#........## ######
##########


You could see Gastronok.

Vanquished Creatures
  A centaur warrior (D:8)
  A two-headed ogre (Orc:1)
  An orc high priest (Orc:1)
  Pikel (D:6)
  A deep elf pyromancer (D:8)
  2 orc sorcerers (Orc:1)
  2 cyclopes
  Psyche (D:9)
  A hornet (D:10)
  Prince Ribbit (D:9)
  A shadow (D:8)
  A vampire (D:9)
  2 wyverns
  Grum (D:8)
  A warg (D:10)
  6 yaks (D:9)
  6 vampire mosquitoes (D:7)
  2 steam dragons
  An acid dragon (D:8)
  2 water moccasins
  5 orc warriors
  3 ice beasts
  2 sky beasts
  4 black bears
  A laughing skull (D:8)
  An ogre (D:7)
  4 wolves
  3 centaurs
  2 lemures (D:6)
  2 phantoms
  4 bullfrogs
  A brain worm (Sewer)
  A gnoll sergeant (D:8)
  5 scorpions
  4 water moccasin zombies (Ossuary)
  A burial acolyte (Ossuary)
  18 killer bees
  A howler monkey (D:7)
  4 bombardier beetles
  2 gnoll boudas
  3 jellies
  9 orc priests
  5 hounds
  An iguana (D:5)
  7 orc wizards
  A bullfrog simulacrum (Ossuary)
  2 crocodile zombies (Ossuary)
  2 mummies (Ossuary)
  8 gnolls
  17 adders
  12 river rats
  A white imp (D:8)
  4 ufetubi
  3 adder zombies (Ossuary)
  2 dart slugs
  4 ribbon worms
  48 orcs
  8 bats
  7 endoplasms
  4 giant cockroaches
  5 gnoll zombies (Ossuary)
  8 hobgoblins
  3 jackals (D:1)
  10 quokkas
  6 ball pythons
  3 frilled lizards
  9 goblins
  2 jackal zombies (Ossuary)
  26 kobolds
  3 orc zombies (Ossuary)
  22 rats
348 creatures vanquished.

Vanquished Creatures (others)
  An orc (D:8)
1 creature vanquished.

Grand Total: 349 creatures vanquished

Notes
Turn   | Place    | Note
-------+----------+-------------------------------------------
     0 | D:1      | Pooter the Felid Berserker began the quest for the Orb.
     0 | D:1      | Reached XP level 1. HP: 12/12 MP: 2/2
    91 | D:1      | Found a faded altar of an unknown god.
   177 | D:1      | Reached XP level 2. HP: 15/16 MP: 3/3
   335 | D:1      | Reached skill level 1 in Stealth
  1091 | D:2      | Reached XP level 3. HP: 20/20 MP: 4/4
  1357 | D:2      | Reached ** piety under Trog
  1629 | D:2      | Identified the amulet of Grontol {Reflect rCorr Int+3 SH+5}
  2234 | D:3      | Noticed a black bear
  2348 | D:3      | Reached XP level 4. HP: 24/24 MP: 5/5
  2348 | D:3      | Gained a life (2 lives remaining)
  2394 | D:3      | Reached skill level 1 in Shapeshifting
  2408 | D:3      | Reached XP level 5. HP: 18/28 MP: 6/6
  2446 | D:3      | Found a glowing drain.
  2454 | Sewer    | Entered a sewer
  2714 | Sewer    | Reached skill level 5 in Dodging
  3009 | D:3      | Gained mutation: You are covered in thick fur. (AC +2)
                  | [Felid growth]
  3009 | D:3      | Reached XP level 6. HP: 24/33 MP: 7/7
  3057 | D:3      | Reached *** piety under Trog
  3504 | D:3      | Reached skill level 5 in Unarmed Combat
  3728 | D:4      | Noticed a +0 short sword
  3730 | D:4      | Noticed a +0 falchion
  3730 | D:4      | Noticed a +0 spear
  3731 | D:4      | Noticed a +0 spear
  3732 | D:4      | Noticed a +0 dagger
  3737 | D:4      | Noticed a +0 falchion
  3738 | D:4      | Noticed a +0 short sword
  3741 | D:4      | Noticed a +0 dagger
  4218 | D:4      | Reached XP level 7. HP: 37/37 MP: 8/8
  4351 | D:4      | Found a hide-covered altar of Uskayaw.
  4660 | D:5      | Entered Level 5 of the Dungeon
  4706 | D:5      | Reached skill level 1 in Evocations
  4738 | D:5      | Found a sand-covered staircase.
  4747 | Ossuary  | Entered an ossuary
  5094 | Ossuary  | Reached XP level 8. HP: 41/42 MP: 9/9
  5139 | Ossuary  | Reached skill level 5 in Stealth
  5646 | D:5      | Reached skill level 5 in Fighting
  6180 | D:6      | Found Dilist's Armour Emporium.
  6193 | D:6      | Found an opulent altar of Gozag.
  6507 | D:6      | Reached XP level 9. HP: 47/47 MP: 10/10
  6703 | D:6      | Reached **** piety under Trog
  7077 | D:6      | Noticed Pikel
  7419 | D:6      | Killed Pikel
  8102 | D:7      | Found a staircase to the Ecumenical Temple.
  8240 | D:7      | Reached XP level 10. HP: 53/53 MP: 11/11
  8264 | D:7      | Reached skill level 5 in Evocations
  8972 | D:8      | Noticed a cyclops
  9482 | D:8      | Killed a cyclops
  9931 | D:8      | Noticed Grum
 10040 | D:8      | Killed Grum
 10072 | D:8      | Noticed a deep elf pyromancer
 10120 | D:8      | Killed a deep elf pyromancer
 10355 | D:8      | Noticed a centaur warrior
 10688 | D:8      | Shot with an arrow by a centaur warrior
 10688 | D:8      | Lost a life (1 life remaining)
 10746 | D:8      | Killed a centaur warrior
 10747 | D:8      | Reached skill level 5 in Shapeshifting
 10840 | D:9      | Reached XP level 11. HP: 58/58 MP: 12/12
 10840 | D:9      | Gained a life (2 lives remaining)
 10881 | D:9      | Found Foxusapnug's Self-Published Books.
 10980 | D:9      | Noticed Prince Ribbit
 10987 | D:9      | Killed Prince Ribbit
 11014 | D:9      | Found Ediupaoth's Weapon Shoppe.
 11055 | D:9      | Reached skill level 10 in Unarmed Combat
 11206 | D:9      | Noticed Psyche
 11214 | D:9      | Killed Psyche
 11287 | D:9      | Found a sacrificial altar of Ru.
 11454 | D:9      | Found a sparkling altar of Nemelex Xobeh.
 11653 | D:9      | Reached skill level 10 in Dodging
 12876 | D:10     | Entered Level 10 of the Dungeon
 14658 | D:10     | Upgraded the game from 0.32-a0-868-g153ae1a8d6 to
                  | 0.32-a0-871-ge202e49faa
 14660 | D:10     | Found a staircase to the Orcish Mines.
 14668 | Orc:1    | Entered Level 1 of the Orcish Mines
 14669 | Orc:1    | Noticed a two-headed ogre
 14670 | Orc:1    | Killed a two-headed ogre
 14775 | Orc:1    | Noticed an orc high priest
 15406 | Orc:1    | Noticed an orc warlord
 15409 | Orc:1    | Noticed an orc sorcerer
 15429 | Orc:1    | Annihilated by an orc warlord
 15429 | Orc:1    | Lost a life (1 life remaining)
 15430 | Orc:1    | Noticed an orc high priest
 15458 | Orc:1    | Killed an orc sorcerer
 15459 | Orc:1    | Noticed an orc sorcerer
 15462 | Orc:1    | Killed an orc sorcerer
 15463 | Orc:1    | Reached skill level 10 in Stealth
 15467 | Orc:1    | Noticed a soul eater
 15469 | Orc:1    | Killed an orc high priest
 15471 | Orc:1    | Slain by an orc warrior
 15471 | Orc:1    | Lost a life (0 lives remaining)
 15864 | Orc:1    | Noticed a sun demon
 16138 | D:10     | Noticed Gastronok
 16155 | D:10     | Slain by Gastronok

Illustrated notes

Levels and vault maps discovered:
D:1:      minmay_arrival_four_loops, layout_basic,
          chequers_ecumenical_altar_simple_redux, minmay_shallow_snake_nest
D:2:      kennysheep_the_goblin_king, layout_loops_cross, serial_bayou,
          serial_bayou_lagoon_a, serial_bayou_crossing, serial_bayou_pond_a,
          serial_bayou_pond_b, dk_noncrumbling_3, minmay_pentomino_s4
D:3:      layout_loops_ring, lightli_sewer_entry_pipes, kennysheep_nondescript
D:4:      wander_river, layout_basic, nicolae_uskayaw_en_pointe
D:5:      layout_loops_ring, enter_ossuary_1, minmay_misc_feat_hallway,
          minmay_fractal_squares_diagonal_5
D:6:      lemuel_ratsnest, layout_basic,
          nicolae_gozag_cash_rules_everything_around_me, serial_shops, shop,
          uniq_pikel
D:7:      layout_rooms, minmay_temple_entry_hall, serial_rivers,
          chequers_serial_rivers_micro_b, chequers_serial_rivers_small_a,
          chequers_serial_rivers_large_a, chequers_serial_rivers_micro_e,
          chequers_serial_rivers_room_a, chequers_serial_rivers_micro_e,
          grunt_ministairs_9
D:8:      minmay_klotski, layout_cave_pools, roderic_roman_lattice, uniq_grum
D:9:      minmay_goldmine, layout_long_grid, nicolae_ru_sacrificial_ziggurat,
          mainiacjoe_overflow_chevrons, serial_shops,
          nicolae_shop_hallway_stairs, nicolae_custom_books,
          uniq_prince_ribbit1, uniq_psyche
D:10:     layout_roguey, minmay_overflow_temple_star_hex, hiddenorc1_lemuel,
          uniq_gastronok
Orc:1:    layout_caves

Skill      XL: |  1  2  3  4  5  6  7  8  9 10 11 |
---------------+----------------------------------+-----
Stealth        | 1 2 3 4 6 7 9 10 | 10.1
Unarmed Combat | 4 5 6 7 8 9 10 | 10.8
Shapeshifting  | 1 2 3 4 5 6 |  6.0
Dodging        | 5 6 7 8 9 10 | 10.4
Fighting       | 4 5 6 7 8 |  8.0
Evocations     | 2 3 4 6 7 |  7.1

Action                     |  1- 3 |  4- 6 |  7- 9 | 10-12 || total
---------------------------+-------+-------+-------+-------++-------
  Melee: Unarmed           |   118 |   167 |   336 |   307 ||   928
         Bite              |     6 |     9 |    47 |    45 ||   107
         Punch             |     5 |     2 |    22 |    21 ||    50
 Invoke: Berserk           |     2 |     9 |    10 |    21 ||    42
         Trog's Hand       |     1 |     3 |     4 |    12 ||    20
  Evoke: Wand              |     1 |       |     4 |    17 ||    22
    Use: Scroll            |     5 |     2 |     5 |    13 ||    25
         Potion            |       |     1 |     1 |     2 ||     4
   Stab: Sleeping          |     5 |     5 |    21 |    11 ||    42
         Distracted        |       |       |     2 |       ||     2
 Armour: Skin              |    31 |    65 |    69 |    89 ||   254
  Dodge: Dodged            |    90 |   131 |   209 |   287 ||   717
  Block: Other             |     5 |    34 |    45 |    72 ||   156
         Reflection        |       |       |       |     7 ||     7
   Form: Beast             |     2 |       |     1 |     2 ||     5
                           |     1 |       |       |     1 ||     2
         Blade             |       |       |     1 |     1 ||     2

Table legend: (Time is in decaauts)
 A = Elapsed time spent in this place.
 B = Non-inter-level travel time spent in this place.
 C = Inter-level travel time spent in this place.
 D = Time resting spent in this place.
 E = Time spent auto-exploring this place.
 F = Levels seen in this place.
 G = Mean time per level.
                   A        B        C        D        E       F      G
               +--------+--------+--------+--------+--------+-----+--------+
         Total |  16506 |  16242 |    264 |   7733 |   4574 |  13 | 1269.7 |
       Dungeon |  14742 |  14478 |    264 |   6797 |   4466 |  10 | 1474.2 |
  Orcish Mines |    825 |    825 |      0 |    439 |      0 |   1 |  825.0 |
         Sewer |    452 |    452 |      0 |    180 |     94 |   1 |  452.0 |
       Ossuary |    486 |    486 |      0 |    315 |     14 |   1 |  486.0 |
               +--------+--------+--------+--------+--------+-----+--------+

Top non-repeatable levels by time:
    D:10: 2456 daAuts
     D:9: 2049 daAuts
     D:8: 1758 daAuts
     D:7: 1584 daAuts
     D:6: 1432 daAuts
     D:2: 1357 daAuts
     D:5: 1059 daAuts
     D:1: 1040 daAuts
     D:3: 1002 daAuts
     D:4: 1001 daAuts
   Orc:1: 825 daAuts
 Ossuary: 486 daAuts
   Sewer: 452 daAuts
